 Dungeon Crawl Stone Soup version 0.23.2-44-ge536e68a2c (webtiles) character file.

Game seed: 7657633951405459422

204 MisterOstroum the Poker (level 5, -20/46 HPs)
             Began as a Draconian Chaos Knight on Mar 13, 2020.
             Was a Plaything of Xom.
             Demolished by a moth of wrath (shapeshifter) (24 damage)
             ... on level 3 of the Dungeon.
             The game lasted 00:09:08 (2598 turns).

MisterOstroum the Poker (Draconian Chaos Knight)    Turns: 2598, Time: 00:09:09

Health: -20/46     AC:  5    Str: 15    XL:     5   Next: 52%
Magic:  5/5        EV: 12    Int: 17    God:    Xom [..*...]
Gold:   182        SH:  0    Dex: 11    Spells: 4/4 levels left

rFire    . . .     SeeInvis .   a - +0 spear (chaos)
rCold    . . .     Gourm    .   (no shield)
rNeg     . . .     Faith    .   (armour unavailable)
rPois    .         Spirit   .   (helmet restricted)
rElec    .         Reflect  .   (no cloak)
rCorr    .         Harm     .   (no gloves)
MR       .....                  (no boots)
Stlth    ++........             (no amulet)
HPRegen  0.15/turn              (no ring)
MPRegen  0.09/turn              (no ring)

@: brilliant
A: unfitting armour, cold-blooded, AC +5
a: Renounce Religion


You were on level 3 of the Dungeon.
You worshipped Xom.
You were a toy of Xom.
You were not hungry.

You visited 1 branch of the dungeon, and saw 3 of its levels.

You collected 182 gold pieces.

Inventory:

Hand Weapons
 a - a +0 spear of chaos (weapon)
 s - a +0 hunting sling
 w - a +0 halberd
Missiles
 k - 2 javelins (quivered)
 m - 134 stones
Jewellery
 g - a cursed ring of teleportation {unknown}
Wands
 y - a wand of paralysis (1)
Scrolls
 b - a scroll of fear {unknown}
 c - a scroll of amnesia {unknown}
 d - 2 scrolls of remove curse {unknown}
 i - a scroll of enchant weapon {unknown}
 l - 2 scrolls of identify {unknown}
 p - a scroll of immolation {unknown}
 t - a scroll of fog {unknown}
Potions
 f - a potion of might {unknown}
 j - a potion of mutation {unknown}
 n - a potion of agility {unknown}
 o - a potion of lignification {unknown}
 q - a potion of degeneration {unknown}
 r - a potion of resistance {unknown}
 u - a potion of curing {unknown}
 x - a potion of brilliance {unknown}
 z - 2 potions of heal wounds {unknown}
 A - a potion of flight {unknown}
Comestibles
 e - 5 rations
 h - 6 chunks of flesh


   Skills:
 + Level 4.2 Fighting
 + Level 4.3 Polearms
 + Level 2.6 Dodging
 + Level 2.8 Stealth
 * Level 1.0 Evocations


You had 4 spell levels left.
You didn't know any spells.
Your spell library was empty.

Dungeon Overview and Level Annotations

Branches:
Dungeon (3/15)

Altars:
Ashenzari
Hepliaklqana


Innate Abilities, Weirdness & Mutations

Your plain brown scales are hard. (AC +5)
You cannot fit into any form of body armour.
You are cold-blooded and may be slowed by cold attacks.


Message History

Aim: a rat You reach to attack!
The ball python hisses angrily.
You hit the rat.
The rat is poisoned.
The rat is severely wounded.
The frilled lizard hisses angrily.
Attack whom?
Press: ? - help, Dir - move target cursor, f/p - rat
Aim: a rat (severely wounded, poisoned)
You reach to attack!
You hit the rat but do no damage.
The rat is severely wounded.
You kill the rat!
Some of the chunks of flesh in your inventory have rotted away.
Attack whom?
Press: ? - help, Dir - move target cursor, f - ball python
Aim: a ball python You reach to attack!
You completely miss the ball python. You puncture the ball python!
You kill the ball python!
You barely miss the frilled lizard.
Your tail-slap misses the frilled lizard.
The frilled lizard barely misses you.
You hit the frilled lizard.
The frilled lizard seems to slow down.
You freeze the frilled lizard.
You kill the frilled lizard!
No target in view!
No target in view!
You butcher the frilled lizard corpse.
h - 3 chunks of flesh (gained 1)
You butcher the ball python corpse.
h - 6 chunks of flesh (gained 3)
Things that are here:
a frilled lizard skeleton; a ball python skeleton
Things that are here:
a frilled lizard skeleton; a ball python skeleton A howler monkey comes into view.
A howler monkey is nearby!
A howler monkey is nearby!
The howler monkey howls!
Xom smiles on you.
You feel yourself speed up.
The howler monkey hoots and howls with incredible vigour!
You closely miss the howler monkey. You hit the howler monkey.
Lightning courses through the howler monkey!
You kill the howler monkey!
Your Evocations skill increases to level 1!
No target in view!
e - 5 rations (gained 1)
Found a stone staircase leading down.
There is a stone staircase leading down here.
Your extra speed is starting to run out.
A moth of wrath comes into view.
A moth of wrath is nearby!
A moth of wrath is nearby!
Evoke which item? (* to show all) (? for menu, Esc to quit)
Aiming: Paralyse
Press: ? - help, Shift-Dir - straight line, f - moth of wrath
Aim: a moth of wrath (hasn't noticed you, chance to defeat MR: 31%)
Okay, then.
Quiver which item? (- for none, * to show all) (? for menu, Esc to quit)
Quivering
v - 2 throwing nets {!f} for throwing.
Throwing (i - inventory. (/) - cycle)
v - 2 throwing nets (quivered)
{!f}
Press: ? - help, Shift-Dir - straight line, f - moth of wrath
Aim: a moth of wrath (hasn't noticed you)
Okay, then.
Found a lumpy purple potion.
You feel yourself slow down.
Attack whom?
Press: ? - help, Dir - move target cursor, f - moth of wrath
Aim: a moth of wrath (hasn't noticed you)
You reach to attack!
You strike the helpless moth of wrath from behind!
You hit the moth of wrath. You freeze the moth of wrath.
The moth of wrath is lightly wounded.
Throwing (i - inventory. (/) - cycle)
v - 2 throwing nets (quivered)
{!f}
Press: ? - help, Shift-Dir - straight line, f/p - moth of wrath
Aim: a moth of wrath (lightly wounded) Really fire
v - 2 throwing nets {!f}?
You throw a throwing net {!f}.
The throwing net {!f} closely misses the moth of wrath.
The moth of wrath bites you!!
Throwing (i - inventory. (/) - cycle)
v - a throwing net (quivered)
{!f}
Press: ? - help, Shift-Dir - straight line, f/p - moth of wrath
Aim: a moth of wrath (lightly wounded) Really fire
v - a throwing net {!f}?
You throw a throwing net {!f}.
The throwing net {!f} barely misses the moth of wrath.
The moth of wrath bites you!!
Ouch! That really hurt!
* * * LOW HITPOINT WARNING * * *
Xom thinks this is hilarious!
The moth of wrath bites you but does no damage.
The moth of wrath closely misses you. Xom smiles on you.
You feel clever all of a sudden. The moth of wrath bites you!!
Ouch! That really hurt!
You die...
Xom cackles wildly!

####
#.........#.#
#.........#.#
#.........#.#
#######.#.#.#
#.#.#.#
#...#.#
##..#.#
#..#y# ##.#@#
#>#.# ###
#.#.####.#
#.#......#
#.######.#
#.# #.# #.#
###.# #.#
#...#
#.####.###


You could see a moth of wrath.

Vanquished Creatures
  A howler monkey (D:3)
  A hound skeleton (D:2)
  2 adders (D:2)
  5 gnolls (D:2)
  2 oozes (D:2)
  A worm (D:2)
  A dart slug (D:2)
  A leopard gecko (D:3)
  4 orcs (D:3)
  2 giant cockroaches (D:3)
  11 goblins
  6 hobgoblins
  8 jackals
  7 kobolds
  A quokka (D:2)
  4 ball pythons
  6 bats
  3 frilled lizards
  5 rats
71 creatures vanquished.

Notes
Turn   | Place    | Note
-------+----------+-------------------------------------------
     0 | D:1      | MisterOstroum the Draconian Chaos Knight began the quest
                  | for the Orb.
     0 | D:1      | Reached XP level 1. HP: 19/19 MP: 1/1
   230 | D:1      | Reached XP level 2. HP: 26/26 MP: 2/2
   504 | D:1      | Reached skill level 1 in Stealth
   964 | D:2      | XOM: harmless Air miscast
  1036 | D:2      | Reached XP level 3. HP: 31/31 MP: 3/3
  1157 | D:2      | XOM: divination: detect creatures
  1176 | D:2      | Reached XP level 4. HP: 33/40 MP: 4/4
  1276 | D:2      | Found a shattered altar of Ashenzari.
  1288 | D:2      | Found a hazy altar of Hepliaklqana.
  1357 | D:2      | XOM: cast spell 'Summon Butterflies'
  1432 | D:2      | XOM: mild Necr miscast
  1906 | D:2      | XOM: divination: detect items
  2038 | D:3      | Reached XP level 5. HP: 45/46 MP: 5/5
  2042 | D:3      | Noticed a shapeshifter
  2042 | D:3      | a goblin changed into a shapeshifter
  2050 | D:3      | Noticed a fire crab
  2054 | D:3      | XOM: potion effect (haste)
  2061 | D:3      | Noticed a yaktaur
  2061 | D:3      | a fire crab changed into a yaktaur
  2071 | D:3      | XOM: potion effect (brilliance)
  2262 | D:3      | XOM: harmless Tmut miscast
  2325 | D:3      | Found a faded altar of an unknown god.
  2471 | D:3      | XOM: smoke on damage
  2522 | D:3      | XOM: potion effect (haste)
  2524 | D:3      | Reached skill level 1 in Evocations
  2579 | D:3      | Noticed a moth of wrath
  2585 | D:3      | HP: 2/46 [moth of wrath (shapeshifter) (23)]
  2598 | D:3      | XOM: potion effect (brilliance)
  2598 | D:3      | Demolished by a moth of wrath (shapeshifter)

Skill      XL: |  1  2  3  4  5 |
---------------+----------------+-----
Stealth        | 1 2 |  2.8
Polearms       | 4 |  4.3
Fighting       | 4 |  4.2
Evocations     | 1 |  1.0
Dodging        | |  2.6

Action                   |  1- 3 |  4- 6 || total
-------------------------+-------+-------++-------
Melee: Spear             |    99 |   129 ||   228
       Tailslap          |    10 |     9 ||    19
Throw: Stone             |     5 |     6 ||    11
       Javelin           |       |     1 ||     1
       Throwing net      |       |     2 ||     2
Evoke: Wand              |       |     3 ||     3
 Stab: Paralysed         |     6 |     1 ||     7
       Sleeping          |     1 |     3 ||     4
       Confused          |       |     1 ||     1
       Distracted        |       |     2 ||     2
  Eat: Chunk             |     1 |     4 ||     5
Armor: Skin              |    18 |    35 ||    53
Dodge: Dodged            |    52 |    53 ||   105
